 Dungeon Crawl Stone Soup version 0.28-a0-852-gbbce81c95b (webtiles) character file.

Game seed: 12737840839117031229

8503 Htamos the Fighter (level 11, 0/90 HPs)
             Began as a Formicid Abyssal Knight on Nov 15, 2021.
             Was a Believer of Lugonu.
             Slain by a skeletal warrior (12 damage)
             ... led by a death knight
             ... on level 9 of the Dungeon.
             The game lasted 00:23:15 (14118 turns).

Htamos the Fighter (Formicid Abyssal Knight)       Turns: 14118, Time: 00:23:16

Health: 0/90       AC: 15    Str: 20    XL:     11   Next: 57%
Magic:  15/19      EV:  7    Int: 11    God:    Lugonu [**....]
Gold:   258        SH:  4    Dex: 11    Spells: 21/21 levels left

rFire   + . .      SeeInvis +   p - +4 trident (distort)
rCold   . . .      Faith    .   G - +0 buckler
rNeg    . . .      Spirit   .   M - +2 plate armour {Will+}
rPois   .          Reflect  .   (helmet unavailable)
rElec   .          Harm     .   (no cloak)
rCorr   .          Rampage  .   (no gloves)
Will    ++...                   (no boots)
Stlth   ..........              (no amulet)
HPRegen 0.25/turn               d - ring of protection from fire
MPRegen 0.16/turn               (no ring)

@: mighty
A: permanent stasis, dig shafts and tunnels, antennae 3, four strong arms
a: Dig, Shaft Self, Renounce Religion, Depart the Abyss, Bend Space


You were on level 9 of the Dungeon.
You worshipped Lugonu.
Lugonu was pleased with you.
You visited 1 branch of the dungeon, and saw 9 of its levels.
You visited the Abyss 1 time.
You also visited: Sewer.

You collected 738 gold pieces.
You spent 480 gold pieces at shops.

Inventory:

Hand Weapons
 a - a +1 hand axe
 n - a +0 dagger of venom
 p - a +4 trident of distortion (weapon)
 r - a +1 dagger of speed
 y - the +9 mace "Pyefet" {vorpal, rN+ SInv}
   (You found it on level 6 of the Dungeon)

   It inflicts extra damage upon your enemies.
   rN:        It protects you from negative energy.
   SInv:      It lets you see invisible.
Missiles
 q - a throwing net
 C - 2 atropa-tipped darts
Armour
 b - a +0 leather armour
 v - a +1 chain mail
 F - a +0 hat
 G - a +0 buckler (worn)
 H - a scarf of shadows
 K - a +0 plate armour
 M - a +2 plate armour of willpower (worn)
Jewellery
 d - a ring of protection from fire (left hand)
 s - an amulet of magic regeneration
 t - a ring of protection from cold
Wands
 e - a wand of mindburst (8)
 j - a wand of iceblast (4)
 E - a wand of paralysis (17)
 I - a wand of flame (17)
Scrolls
 c - a scroll of amnesia
 g - 3 scrolls of noise
 i - 5 scrolls of teleportation
 k - 3 scrolls of immolation
 m - 10 scrolls of identify {@rr}
 o - a scroll of enchant armour
 A - 2 scrolls of acquirement {unknown}
 B - a scroll of vulnerability {unknown}
 D - a scroll of blinking {unknown}
 L - a scroll of brand weapon {unknown}
Potions
 f - 2 potions of flight
 l - 2 potions of brilliance
 u - 7 potions of ambrosia
 w - a potion of cancellation
 x - a potion of might
 z - 2 potions of attraction {unknown}
 J - a potion of haste {unknown}
 N - a potion of magic


   Skills:
 * Level 10.1 Fighting
 - Level 3.7(4.9) Axes
 + Level 5.0(5.5) Polearms
 + Level 6.9 Armour
 + Level 5.5 Dodging
 + Level 7.9 Stealth
 + Level 2.2 Shields
 + Level 5.8 Spellcasting
 + Level 7.4 Invocations


You had 21 spell levels left.
You didn't know any spells.
Your spell library contained the following spells:

 Spells                   Type           Power      Damage    Failure   Level
 Apportation              Tloc           6%         N/A       99%         1
 Beastly Appendage        Tmut           6%         N/A       99%         1
 Foxfire                  Conj/Fire      12%        2x1d4     99%         1
 Passwall                 Tmut/Erth      2%         N/A       100%        2
 Wereblood                Tmut           3%         N/A       100%        2
 Conjure Flame            Conj/Fire      3%         6-21      100%        3
 Dazzling Flash           Conj/Hex       6%         N/A       100%        3
 Inner Flame              Hex/Fire       3%         N/A       100%        3
 Spider Form              Tmut/Pois      3%         N/A       100%        3
 Flame Wave               Conj/Fire      3%         3d3       100%        4
 Alistair's Intoxication  Tmut/Pois      2%         N/A       100%        5
 Eringya's Noxious Bog    Tmut/Pois      1%         N/A       100%        6
 Swiftness                Air            Unusable   N/A       N/A         3

Dungeon Overview and Level Annotations

Branches:
Dungeon (9/15)             Temple (0/1) D:4           Sewer (visited)
   Lair: D:8-11         Orc: D:9-12

Altars:
Cheibriados
Dithmenos
Makhleb
Qazlal
Sif Muna
Vehumet
Wu Jian
Xom
Yredelemnul

Shops:
D:9 [

Annotations:
D:5 3 runed translucent doors, Snarbu88's ghost, novice MiFi
Abyss:1 Joseph


Innate Abilities, Weirdness & Mutations

You cannot be hasted, slowed, berserked, paralysed or teleported.
You can dig through walls and to a lower floor.
You have a pair of large antennae on your head. (SInv)
Your four strong arms can wield two-handed weapons with a shield.


Message History

The skeletal warrior closely misses you.
You closely miss the skeletal warrior.
The skeletal warrior closely misses you.
You hit the skeletal warrior.
Space warps horribly around the skeletal warrior!!
The skeletal warrior is moderately damaged.
The skeletal warrior hits you but does no damage.
The skeletal warrior hits you but does no damage.
There is an escape hatch in the floor here.
You closely miss the skeletal warrior.
The skeletal warrior is moderately damaged.
The skeletal warrior hits you with a +0 long sword!!
* * * LOW HITPOINT WARNING * * *
You feel much better.
The skeletal warrior hits you with a +0 long sword!
* * * LOW HITPOINT WARNING * * *
You feel much better.
The skeletal warrior hits you with a +0 long sword.
You feel very mighty all of a sudden.
The skeletal warrior hits you with a +0 long sword!
* * * LOW HITPOINT WARNING * * *
You hit the skeletal warrior.
Space warps around the skeletal warrior.
The skeletal warrior is heavily damaged.
The skeletal warrior hits you with a +0 long sword!
* * * LOW HITPOINT WARNING * * *
You puncture the skeletal warrior!
Space warps around the skeletal warrior.
The skeletal warrior is almost destroyed.
The skeletal warrior hits you with a +0 long sword!
* * * LOW HITPOINT WARNING * * *
You hit the skeletal warrior but do no damage.
Space warps horribly around the skeletal warrior!
The skeletal warrior is almost destroyed.
The skeletal warrior hits you with a +0 long sword!!
* * * LOW HITPOINT WARNING * * *
You hit the skeletal warrior but do no damage.
The skeletal warrior is almost destroyed.
The skeletal warrior hits you with a +0 long sword!
You die...

.#######.......## ##..
#.....#####.###.#. #.#.....#
##.#.... #.###.#.....#
#...... #. #.....)....#
##.....# #.# #.###.#.##..#
#...#.## #># #.#..[.[#
#..##.## #.# #.####.##
#..##.## ###.# #@# ##.##
#..#..## ...) #z#
#...###.......
#.##########W##.###(##......#
#...∩..W..#.....# #........##
#.#######.#..##.###.#####.###
#.# #..........##........ #.#
###.....[.....###.### #.#
#.########### #.# #.# #)# #.#


You could see a skeletal warrior and a freezing wraith.

Vanquished Creatures
  A troll (D:9)
  2 yaks (D:8)
  A steam dragon (D:7)
  Duvessa (D:6)
  A water moccasin (D:9)
  2 black bears
  An orc warrior (D:6)
  2 sky beasts
  A necrophage (D:4)
  An ogre (D:5)
  2 centaurs
  3 kobold brigands
  A bullfrog (D:8)
  Blork the orc (D:4)
  Dowan (D:6)
  4 scorpions (D:6)
  33 killer bees (D:9)
  7 wights (D:9)
  2 howler monkeys (D:7)
  A bullfrog zombie (D:6)
  2 hounds (D:4)
  A centaur zombie (D:5)
  A jelly (D:7)
  4 orc priests
  Crazy Yiuf (D:6)
  A centaur skeleton (D:5)
  A gnoll shaman (D:7)
  An iron imp (D:8)
  2 iguanas (D:5)
  3 orc wizards
  5 adders
  4 gnolls (D:7)
  A river rat (Sewer)
  A shadow imp (D:8)
  3 white imps
  2 ufetubi (D:4)
  An adder skeleton (D:5)
  3 dart slugs
  3 worms
  12 orcs
  7 ball pythons
  7 bats
  6 endoplasms
  7 giant cockroaches
  5 hobgoblins
  2 jackals (Sewer)
  3 quokkas
  3 frilled lizards
  7 goblins
  19 kobolds
  11 rats
197 creatures vanquished.

Vanquished Creatures (others)
  A plant (D:8)
1 creature vanquished.

Grand Total: 198 creatures vanquished

Notes
Turn   | Place    | Note
-------+----------+-------------------------------------------
     0 | Abyss:1  | Htamos the Formicid Abyssal Knight began the quest for the
                  | Orb.
     0 | Abyss:1  | Reached XP level 1. HP: 18/18 MP: 2/2
   132 | Abyss:1  | Noticed a small abomination
   134 | Abyss:1  | Noticed a green draconian
   150 | Abyss:1  | Noticed a wizard
   153 | D:1      | Escaped the Abyss
   190 | D:1      | Reached * piety under Lugonu
   191 | D:1      | Reached skill level 1 in Dodging
   241 | D:1      | Reached XP level 2. HP: 16/24 MP: 3/3
   898 | D:1      | Reached XP level 3. HP: 30/30 MP: 4/4
  1032 | D:1      | Found a faded altar of an unknown god.
  1100 | D:2      | Found a shimmering altar of Xom.
  1954 | D:2      | Reached skill level 1 in Stealth
  2120 | D:2      | Reached ** piety under Lugonu
  2205 | D:2      | Reached skill level 4 in Fighting
  2205 | D:2      | Reached XP level 4. HP: 19/37 MP: 5/5
  2662 | D:2      | Reached skill level 1 in Spellcasting
  3539 | D:3      | Noticed a sky beast
  3654 | D:3      | Killed a sky beast
  3655 | D:3      | Reached XP level 5. HP: 31/43 MP: 7/7
  3776 | D:3      | Found an ornate altar of the Wu Jian Council.
  4004 | D:3      | Reached XP level 6. HP: 48/49 MP: 8/8
  4080 | D:3      | Found a shimmering blue altar of Sif Muna.
  4583 | D:4      | Noticed a necrophage
  4606 | D:4      | Killed a necrophage
  4928 | D:4      | Reached skill level 5 in Fighting
  4928 | D:4      | Reached XP level 7. HP: 52/56 MP: 8/10
  5051 | D:4      | Got Juvusei's Catalogue of Transmutation and Malediction
  5337 | D:4      | Found a staircase to the Ecumenical Temple.
  5466 | D:5      | Entered Level 5 of the Dungeon
  5562 | D:5      | Noticed Blork the orc
  5581 | D:4      | Killed Blork the orc
  5862 | D:5      | Found a glowing drain.
  5876 | Sewer    | Entered a sewer
  5985 | Sewer    | Reached *** piety under Lugonu
  6064 | Sewer    | Found a white marble altar of Elyvilon.
  6253 | D:5      | Reached XP level 8. HP: 64/64 MP: 11/11
  6429 | D:5      | Noticed Snarbu88's ghost (novice MiFi)
  6435 | D:5      | Found a runed translucent gate.
  6435 | D:5      | Found a runed translucent gate.
  6435 | D:5      | Found a runed translucent gate.
  6547 | D:5      | Reached skill level 6 in Fighting
  6992 | D:6      | Noticed Dowan
  6993 | D:6      | Noticed Duvessa
  7005 | D:6      | Killed Duvessa
  7007 | D:6      | Killed Dowan
  7008 | D:6      | Reached skill level 1 in Polearms
  7200 | D:6      | Reached XP level 9. HP: 44/71 MP: 12/14
  7357 | D:6      | Found a shimmering altar of Xom.
  7616 | D:6      | Reached skill level 7 in Fighting
  7616 | D:6      | Reached skill level 5 in Invocations
  7830 | D:6      | Reached skill level 5 in Stealth
  7927 | D:6      | Reached skill level 5 in Armour
  7963 | D:6      | Found a runed translucent door.
  7964 | D:6      | Noticed Crazy Yiuf
  8038 | D:6      | Killed Crazy Yiuf
  8042 | D:6      | Identified the +9 mace "Pyefet" {vorpal, rN+ SInv}
  8182 | D:6      | Found a basalt altar of Yredelemnul.
  8193 | D:6      | Found a burning altar of Makhleb.
  8350 | D:7      | Reached **** piety under Lugonu
  8602 | D:7      | Found a radiant altar of Vehumet.
  9516 | D:8      | Found a stormy altar of Qazlal.
  9516 | D:8      | Noticed a two-headed ogre
  9522 | D:8      | Banished a two-headed ogre
  9523 | D:8      | Reached skill level 8 in Fighting
  9523 | D:8      | Reached XP level 10. HP: 77/80 MP: 11/16
  9524 | D:8      | Noticed Joseph
  9528 | D:8      | Banished Joseph
  9669 | D:8      | Found a shadowy altar of Dithmenos.
  9767 | D:8      | Found a snail-covered altar of Cheibriados.
  9886 | D:8      | Noticed a deep elf pyromancer
  9886 | D:8      | Noticed a cyclops
  9889 | D:8      | Noticed a cyclops
  9889 | D:8      | Noticed a centaur warrior
  9890 | D:8      | Noticed a centaur warrior
  9934 | D:8      | Noticed a salamander
  9969 | D:8      | Noticed a swamp dragon
 10469 | D:8      | Banished a centaur warrior
 10470 | D:8      | Reached skill level 9 in Fighting
 10470 | D:8      | Reached skill level 5 in Spellcasting
 10890 | D:8      | Banished a centaur warrior
 10891 | D:8      | Reached skill level 5 in Dodging
 10891 | D:8      | Reached XP level 11. HP: 45/89 MP: 13/19
 11990 | D:9      | Reached skill level 1 in Shields
 13024 | D:9      | Reached skill level 10 in Fighting
 13937 | D:9      | Found Amepnepe's Armour Boutique.
 13944 | D:9      | Bought a +2 plate armour of willpower for 480 gold pieces
 14051 | D:9      | Noticed a skeletal warrior
 14070 | D:9      | Reached skill level 5 in Polearms
 14118 | D:9      | Slain by a skeletal warrior

Illustrated notes

Levels and vault maps discovered:
D:1:      psy_arrival_statuary, layout_loops_ring,
          dilly_ecumenical_altar_fadedgnrine, chequers_garden,
          grunt_decor_resistance
D:2:      layout_basic, basic_altar, chequers_serial_rivers_micro_c
D:3:      layout_loops_ring, mainiacjoe_overflow_catwalk,
          kennysheep_orc_sif_temple
D:4:      layout_loops_corners, temple_green
D:5:      layout_cave_pods, cheibrodos_sewer_entry_drain, gammafunk_ghost_split,
          uniq_blork_the_orc
D:6:      layout_basic, amcnicky_altar_gilded, amethyst_overflow_temple_binary,
          kennysheep_generic_room_5, uniq_duvessa, uniq_crazy_yiuf_cottage
D:7:      layout_basic, mainiacjoe_overflow_boulevard
D:8:      layout_rooms, lemuel_round_altar, slow_altar_1,
          lemuel_coloured_pillars_altar, erik_lair_orcish_takeover,
          hangedman_feature_mirror, corexii_corridor_pit, minivault_12,
          uniq_joseph
D:9:      layout_loops_ring, marbit_many_paths, serial_shops, shop, minivault_7

Skill      XL: |  1  2  3  4  5  6  7  8  9 10 11 |
---------------+----------------------------------+-----
Dodging        | 1 2 3 4 5 |  5.5
Stealth        | 1 2 3 4 6 7 |  7.9
Fighting       | 4 5 6 8 9 10 | 10.1
Spellcasting   | 1 2 3 4 5 |  5.8
Invocations    | 3 4 5 6 7 |  7.4
Armour         | 3 4 5 6 |  6.9
Axes           | 3 |  3.7
Polearms       | 1 3 4 5 |  5.0
Shields        | 2 |  2.2

Action                   |  1- 3 |  4- 6 |  7- 9 | 10-12 || total
-------------------------+-------+-------+-------+-------++-------
Melee: Hand axe          |   122 |   112 |       |       ||   234
       Trident           |       |    20 |   235 |   259 ||   514
Invok: Depart the Abyss  |     1 |       |       |       ||     1
       Banish            |       |       |     1 |    15 ||    16
 Abil: Dig               |       |     3 |       |     1 ||     4
Evoke: Wand              |       |     4 |       |       ||     4
  Use: Scroll            |       |       |     6 |       ||     6
       Potion            |       |       |     1 |    15 ||    16
 Stab: Sleeping          |     2 |     1 |     1 |       ||     4
Armor: Leather armour    |    38 |    39 |       |       ||    77
       Chain mail        |       |       |   105 |   145 ||   250
       Skin              |       |       |       |    42 ||    42
       Plate armour      |       |       |       |    10 ||    10
Dodge: Dodged            |    64 |    91 |    78 |   142 ||   375
Block: Buckler           |       |       |       |    41 ||    41

Table legend: (Time is in decaauts)
 A = Elapsed time spent in this place.
 B = Non-inter-level travel time spent in this place.
 C = Inter-level travel time spent in this place.
 D = Time resting spent in this place.
 E = Time spent auto-exploring this place.
 F = Levels seen in this place.
 G = Mean time per level.
                   A        B        C        D        E       F      G
               +--------+--------+--------+--------+--------+-----+--------+
         Total |  14283 |  14063 |    220 |   1270 |  10251 |  11 | 1298.5 |
       Dungeon |  13774 |  13554 |    220 |   1270 |   9926 |   9 | 1530.4 |
         Abyss |    153 |    153 |      0 |      0 |    130 |   1 |  153.0 |
         Sewer |    355 |    355 |      0 |      0 |    194 |   1 |  355.0 |
               +--------+--------+--------+--------+--------+-----+--------+

Top non-repeatable levels by time:
     D:9: 3002 daAuts
     D:7: 2045 daAuts
     D:2: 1811 daAuts
     D:6: 1485 daAuts
     D:3: 1407 daAuts
     D:4: 1247 daAuts
     D:1: 1119 daAuts
     D:5: 886 daAuts
     D:8: 767 daAuts
   Sewer: 355 daAuts
 Abyss:1: 153 daAuts
